 Dungeon Crawl Stone Soup version 0.29.0-4-gdea44cf6ec (webtiles) character file.

Game seed: 13551921524466956650

2449 qw the Cleaver (level 9, -1/54 HPs)
             Began as a Tengu Warper on Aug 28, 2022.
             Slain by Joseph
             ... wielding a +4 antimagic quarterstaff
              (14 damage)
             ... on level 7 of the Dungeon.
             The game lasted 00:00:57 (8194 turns).

qw the Cleaver (Tengu Warper)                       Turns: 8194, Time: 00:00:58

Health: -1/54      AC: 15    Str: 15    XL:     9   Next: 49%
Magic:  0/13       EV:  8    Int: 15    God:
Gold:   204        SH:  6    Dex: 15    Spells: 12/12 levels left

rFire   + . .      SeeInvis .   r - +0 war axe
rCold   + . .      Faith    .   a - +1 buckler "Hadeuwof" {rC+ rN+}
rNeg    + . .      Spirit   .   f - +2 chain mail {rF+}
rPois   +          Reflect  .   (helmet restricted)
rElec   .          Harm     .   (no cloak)
rCorr   +          Rampage  .   k - +2 pair of gloves
Will    +....                   (boots unavailable)
Stlth   ..........              (no amulet)
HPRegen 0.18/turn               d - ring of resist corrosion
MPRegen 0.13/turn               i - ring "Cauhov" {rPois Will+ Dex+2 Stlth+}

@: flying quickly and evasively, quick
A: beak, talons 3, nimble flight
a: no special abilities


You were on level 7 of the Dungeon.
You visited 2 branches of the dungeon, and saw 8 of its levels.

You collected 274 gold pieces.
You spent 70 gold pieces at shops.


Innate Abilities, Weirdness & Mutations

You have a beak for a mouth.
You have claws for feet.
Your magical nature lets you fly swiftly and evasively.


   Skills:
 - Level 5.0 Fighting
 + Level 10.9 Axes
 - Level 1.0 Throwing
 - Level 5.2 Armour
 - Level 3.0 Dodging
 - Level 3.2 Shields
 - Level 2.0 Spellcasting
 - Level 2.4 Translocations


You had 12 spell levels left.
You didn't know any spells.
Your spell library contained the following spells:

 Spells                   Type           Power      Damage    Failure   Level
 Blink                    Tloc           16%        N/A       96%         2
 Gell's Gravitas          Tloc           8%         N/A       99%         3
 Lesser Beckoning         Tloc           8%         N/A       99%         3
 Teleport Other           Tloc           8%         N/A       99%         3
 Manifold Assault         Tloc           8%         N/A       100%        5

Inventory:

Hand Weapons
 o - a +0 morningstar
 r - a +0 war axe (weapon)
Missiles
 g - 3 boomerangs (quivered)
Armour
 a - the +1 buckler "Hadeuwof" (worn) {rC+ rN+}
   (You acquired it on level 2 of the Dungeon)

   rC:        It protects you from cold.
   rN:        It protects you from negative energy.
 f - a +2 chain mail of fire resistance (worn)
 k - a +2 pair of gloves (worn)
 q - a +0 plate armour
Jewellery
 d - a ring of resist corrosion (left hand)
 i - the ring "Cauhov" (right hand) {rPois Will+ Dex+2 Stlth+}
   (You took it off an orc wizard on level 5 of the Dungeon)

   [ring of willpower]

   Dex:       It affects your dexterity (+2).
   rPois:     It protects you from poison.
   Will:      It increases your willpower.
   Stlth:     It makes you more stealthy.
Scrolls
 j - a scroll of identify
Potions
 b - a potion of resistance
 c - a potion of might
 e - 3 potions of haste
 h - a potion of mutation
 l - a potion of curing {unknown}
 n - a potion of heal wounds {unknown}

Dungeon Overview and Level Annotations

Branches:
Dungeon (7/15)             Temple (1/1) D:7

Altars:
Ashenzari
Cheibriados
Dithmenos
Fedhas
Gozag
Hepliaklqana
Kikubaaqudgha
Makhleb
Ru
Trog
Uskayaw
Vehumet
Yredelemnul
The Shining One

Shops:
D:2 (

Annotations:
D:7 Joseph


Message History

Joseph is lightly wounded.
You barely miss Joseph. Your kick misses Joseph.
Joseph is lightly wounded.
Joseph hits you with a +4 antimagic quarterstaff.
You feel your power leaking away. Joseph barely misses you.
You hit Joseph but do no damage. You claw Joseph. Your peck misses Joseph.
Joseph is lightly wounded.
Joseph barely misses you.
You hit Joseph but do no damage.
Joseph is lightly wounded.
Joseph closely misses you.
You hit Joseph.
Joseph is lightly wounded.
Joseph shouts, "I love to fight!
I love killing!"
Joseph hits you with a +4 antimagic quarterstaff!
You feel your power leaking away.
You barely miss Joseph. Your kick misses Joseph.
Joseph is lightly wounded.
Joseph barely misses you.
You barely miss Joseph.
Joseph is lightly wounded.
Joseph closely misses you.
You barely miss Joseph. You claw Joseph. Your peck misses Joseph.
Joseph is lightly wounded.
Joseph hits you with a +4 antimagic quarterstaff.
You hit Joseph but do no damage.
Joseph is lightly wounded.
Joseph hits you with a +4 antimagic quarterstaff.
You closely miss Joseph. You peck Joseph.
Joseph is moderately wounded.
Joseph hits you with a +4 antimagic quarterstaff.
You barely miss Joseph. You claw Joseph! Your peck misses Joseph.
Joseph is moderately wounded.
Joseph hits you with a +4 antimagic quarterstaff!
You feel your power leaking away.
You slash Joseph! Your peck misses Joseph.
Joseph is heavily wounded.
Joseph hits you with a +4 antimagic quarterstaff!
You die...

##...## # ...#
##.....## [ ...#
##.......#
.#...####.........
#.......'.........
#....#...........#
#[###...#.
#...#..##.
#...@...#.#
####..##..
#@#....####..###..
#.# #.......###.#
#.# #.#...>..#...
#.# #..#.......# #.#
#..##.##..### #.#
#.#.#####.... #.#
#....###...## ##.##
#.###.....###
##...###.###%#......


You could see Joseph.

Vanquished Creatures
  Prince Ribbit (D:4)
  Grinder (D:2)
  Eustachio (D:4)
  Duvessa (D:7)
  An orc warrior (D:6)
  An ogre (D:7)
  A centaur (D:6)
  2 phantoms (D:6)
  3 necrophages
  2 bullfrogs
  2 scorpions (D:5)
  3 wights (D:7)
  Dowan (D:7)
  5 howler monkeys
  2 hounds
  A jelly (D:6)
  An orc priest (D:5)
  4 iguanas
  6 orc wizards
  Ijyb (D:5)
  6 gnolls
  4 adders
  2 white imps
  4 ufetubi
  2 worms
  A dart slug (D:1)
  11 orcs
  6 ball pythons
  8 endoplasms
  3 giant cockroaches
  A goblin (D:2)
  2 jackals (D:3)
  5 quokkas
  3 bats
  5 frilled lizards
  4 kobolds
  7 rats
114 creatures vanquished.

Notes
Turn   | Place    | Note
-------+----------+-------------------------------------------
     0 | D:1      | qw the Tengu Warper began the quest for the Orb.
     0 | D:1      | Reached XP level 1. HP: 12/12 MP: 4/4
     0 | D:1      | 0 ||| qw: Version: 0.1-a-89-g26bdef1
     0 | D:1      | 0 ||| qw: Game counter: 1233
     0 | D:1      | 0 ||| qw: Always use a shield: true
     0 | D:1      | 0 ||| qw: God list: Okawaru
     0 | D:1      | 0 ||| qw: Allow faded altars: false
     0 | D:1      | 0 ||| qw: Do Orc after D:15 true
     0 | D:1      | 0 ||| qw: Do second Lair branch before Depths: true
     0 | D:1      | 0 ||| qw: Lair rune preference: random
     0 | D:1      | 0 ||| qw: Plans: Normal
     0 | D:1      | 0 ||| PLANNING D:1-11
   215 | D:1      | 215 ||| Stepping ~*~*~tactically~*~*~ (hiding).
   317 | D:1      | 317 ||| Stepping ~*~*~tactically~*~*~ (hiding).
   455 | D:1      | Reached XP level 2. HP: 17/17 MP: 6/6
   455 | D:1      | You fall into a shaft and drop 1 floor!
   466 | D:2      | Reached skill level 3 in Axes
   491 | D:2      | 491 ||| UPGRADING to +0 ring mail.
   501 | D:2      | 501 ||| DROPPING +0 leather armour.
   502 | D:2      | 502 ||| READING scroll labelled ODEACIBEH.
   503 | D:2      | 503 ||| READING scroll labelled HETAUD GAYNOB.
   503 | D:2      | Identified a scroll of acquirement
   503 | D:2      | 503 ||| ACQUIRING +1 buckler "Hadeuwof" {rC+ rN+}
   503 | D:2      | Acquired the +1 buckler "Hadeuwof" {rC+ rN+}
   505 | D:2      | 505 ||| UPGRADING to +1 buckler "Hadeuwof" {rC+ rN+}.
   510 | D:2      | 510 ||| DROPPING scroll of blinking.
   594 | D:1      | Found a faded altar of an unknown god.
  1159 | D:1      | 1159 ||| UPGRADING to ring of resist corrosion.
  1160 | D:1      | 1160 ||| READING scroll labelled MOMACE QUYR.
  1165 | D:1      | 1165 ||| READING scroll labelled CULURA WEROEM.
  1166 | D:1      | 1166 ||| READING scroll labelled YPITUI JOQAALY.
  1167 | D:1      | 1167 ||| READING scroll labelled WUISIQYBUR.
  1271 | D:2      | 1271 ||| STAIRDANCE
  1276 | D:2      | 1276 ||| STAIRDANCE
  1284 | D:1      | Reached skill level 1 in Shields
  1326 | D:2      | 1326 ||| STAIRDANCE
  1375 | D:2      | 1375 ||| READING scroll of enchant weapon.
  1375 | D:2      | 1375 ||| ENCHANTING +1 hand axe.
  1458 | D:2      | Reached XP level 3. HP: 18/21 MP: 7/7
  1875 | D:2      | Found Ilokk's Antique Weapon Boutique.
  1884 | D:2      | 1884 ||| BUYING flail (70 gold).
  1884 | D:2      | Bought a flail for 70 gold pieces
  1884 | D:2      | 1884 ||| SHOPLISTING glowing flail (130 gold, have 68).
  1884 | D:2      | 1884 ||| SHOPLISTING war axe (70 gold, have 68).
  1884 | D:2      | 1884 ||| DROPPING +0 mace.
  1885 | D:2      | 1885 ||| UPGRADING to +0 pair of gloves.
  1890 | D:2      | 1890 ||| READING scroll labelled YGIULA YSIG.
  1891 | D:2      | 1891 ||| READING scroll labelled OGUUTHRYINI.
  1892 | D:2      | 1892 ||| READING scroll labelled IMUM UDIZUIRUE.
  1993 | D:2      | 1993 ||| DRINKING 2 metallic emerald potions.
  1994 | D:2      | 1994 ||| READING 5 scrolls of identify.
  1994 | D:2      | 1994 ||| IDENTIFYING viscous puce potion
  2025 | D:3      | Noticed Grinder
  2026 | D:3      | 2026 ||| STAIRDANCE
  2039 | D:2      | Killed Grinder
  2040 | D:2      | Reached skill level 6 in Axes
  2040 | D:2      | Reached XP level 4. HP: 15/26 MP: 8/8
  2040 | D:2      | Gained mutation: Your magical nature lets you fly swiftly
                  | and evasively. [Tengu growth]
  2040 | D:2      | Reached XP level 5. HP: 17/30 MP: 9/9
  2209 | D:3      | Reached XP level 6. HP: 24/35 MP: 10/10
  2452 | D:3      | 2452 ||| Stepping ~*~*~tactically~*~*~ (stealth).
  2453 | D:3      | 2453 ||| Stepping ~*~*~tactically~*~*~ (stealth).
  2456 | D:3      | 2456 ||| Stepping ~*~*~tactically~*~*~ (stealth).
  2467 | D:3      | 2467 ||| Stepping ~*~*~tactically~*~*~ (stealth).
  2958 | D:3      | 2958 ||| UPGRADING to +0 scale mail.
  2968 | D:3      | 2968 ||| DROPPING +0 ring mail.
  2969 | D:3      | 2969 ||| READING scroll labelled XESI RAJUITAL.
  2970 | D:3      | 2970 ||| READING scroll labelled ATTEWYECEEPS.
  2971 | D:3      | 2971 ||| READING 5 scrolls of identify.
  2971 | D:3      | 2971 ||| IDENTIFYING blue potion
  2972 | D:3      | 2972 ||| READING 4 scrolls of identify.
  2972 | D:3      | 2972 ||| IDENTIFYING cyan potion
  2973 | D:3      | 2973 ||| READING 3 scrolls of identify.
  2973 | D:3      | 2973 ||| IDENTIFYING sedimented clear potion
  2974 | D:3      | 2974 ||| READING 2 scrolls of identify.
  2974 | D:3      | 2974 ||| IDENTIFYING metallic amethyst potion
  2975 | D:3      | 2975 ||| DROPPING potion of magic.
  2976 | D:3      | 2976 ||| DROPPING potion of flight.
  2977 | D:3      | 2977 ||| DROPPING potion of lignification.
  2978 | D:3      | 2978 ||| Stepping randomly (stuck).
  2979 | D:3      | 2979 ||| Stepping ~*~*~tactically~*~*~ (cloud).
  3264 | D:4      | Noticed Eustachio
  3311 | D:4      | Killed Eustachio
  3312 | D:4      | Reached skill level 7 in Axes
  3475 | D:4      | 3475 ||| Stepping ~*~*~tactically~*~*~ (hiding).
  3477 | D:4      | 3477 ||| Stepping ~*~*~tactically~*~*~ (hiding).
  3694 | D:4      | Reached XP level 7. HP: 24/40 MP: 11/11
  4024 | D:4      | 4024 ||| READING scroll of enchant armour.
  4024 | D:4      | 4024 ||| ENCHANTING +0 pair of gloves.
  4111 | D:4      | 4111 ||| READING scroll of teleportation.
  4128 | D:5      | Entered Level 5 of the Dungeon
  4131 | D:5      | 4131 ||| STAIRDANCE
  4153 | D:5      | Reached skill level 3 in Fighting
  4172 | D:5      | Noticed Ijyb
  4173 | D:5      | 4173 ||| Stepping ~*~*~tactically~*~*~ (hiding).
  4184 | D:5      | Killed Ijyb
  4187 | D:5      | 4187 ||| Stepping ~*~*~tactically~*~*~ (stealth).
  4189 | D:5      | 4189 ||| Stepping ~*~*~tactically~*~*~ (stealth).
  4198 | D:5      | 4198 ||| Stepping ~*~*~tactically~*~*~ (stealth).
  4211 | D:5      | HP: 10/41 [orc/+0 dagger (2)]
  4223 | D:5      | Reached skill level 8 in Axes
  4250 | D:5      | 4250 ||| Stepping ~*~*~tactically~*~*~ (stealth).
  4308 | D:5      | 4308 ||| FLEEEEING.
  4329 | D:5      | 4329 ||| Stepping ~*~*~tactically~*~*~ (stealth).
  4357 | D:5      | 4357 ||| FLEEEEING.
  4358 | D:5      | 4358 ||| FLEEEEING.
  4360 | D:5      | 4360 ||| FLEEEEING.
  4362 | D:5      | 4362 ||| STAIRDANCE
  4478 | D:5      | Identified the ring "Cauhov" {rPois Will+ Dex+2 Stlth+}
  4479 | D:5      | 4479 ||| Stepping ~*~*~tactically~*~*~ (hiding).
  4480 | D:5      | 4480 ||| Stepping ~*~*~tactically~*~*~ (hiding).
  4490 | D:5      | 4490 ||| FLEEEEING.
  4491 | D:5      | 4491 ||| STAIRDANCE
  4571 | D:5      | 4571 ||| STAIRDANCE
  4828 | D:5      | 4828 ||| Stepping ~*~*~tactically~*~*~ (stealth).
  4829 | D:5      | 4829 ||| Stepping ~*~*~tactically~*~*~ (stealth).
  4833 | D:5      | 4833 ||| FLEEEEING.
  4834 | D:5      | 4834 ||| FLEEEEING.
  4835 | D:5      | 4835 ||| FLEEEEING.
  4836 | D:5      | 4836 ||| FLEEEEING.
  4837 | D:5      | 4837 ||| FLEEEEING.
  4838 | D:5      | 4838 ||| FLEEEEING.
  4839 | D:5      | 4839 ||| FLEEEEING.
  4840 | D:5      | 4840 ||| FLEEEEING.
  4841 | D:5      | 4841 ||| FLEEEEING.
  4842 | D:5      | 4842 ||| FLEEEEING.
  4843 | D:5      | 4843 ||| FLEEEEING.
  4844 | D:5      | 4844 ||| FLEEEEING.
  4845 | D:5      | 4845 ||| FLEEEEING.
  4846 | D:5      | 4846 ||| FLEEEEING.
  4847 | D:5      | 4847 ||| FLEEEEING.
  4848 | D:5      | 4848 ||| STAIRDANCE
  4950 | D:4      | 4950 ||| UPGRADING to ring "Cauhov" {rPois Will+ Dex+2
                  | Stlth+}.
  4953 | D:5      | 4953 ||| STAIRDANCE
  4961 | D:4      | 4961 ||| UPGRADING to +0 chain mail.
  4971 | D:4      | 4971 ||| DROPPING +0 scale mail.
  4975 | D:5      | 4975 ||| STAIRDANCE
  5010 | D:5      | Noticed Prince Ribbit
  5011 | D:5      | 5011 ||| STAIRDANCE
  5027 | D:5      | 5027 ||| STAIRDANCE
  5034 | D:4      | Reached skill level 3 in Armour
  5034 | D:4      | Reached XP level 8. HP: 46/46 MP: 12/12
  5036 | D:5      | 5036 ||| STAIRDANCE
  5051 | D:4      | 5051 ||| FLEEEEING.
  5052 | D:4      | 5052 ||| FLEEEEING.
  5053 | D:4      | 5053 ||| FLEEEEING.
  5055 | D:4      | 5055 ||| FLEEEEING.
  5056 | D:4      | 5056 ||| FLEEEEING.
  5057 | D:4      | 5057 ||| FLEEEEING.
  5058 | D:4      | 5058 ||| STAIRDANCE
  5246 | D:4      | Killed Prince Ribbit
  5247 | D:4      | Reached skill level 9 in Axes
  5247 | D:4      | 5247 ||| STAIRDANCE
  5420 | D:5      | 5420 ||| STAIRDANCE
  5476 | D:5      | Found a bloodstained altar of Trog.
  5486 | D:5      | 5486 ||| DROPPING +0 flail.
  5748 | D:5      | 5748 ||| Stepping ~*~*~tactically~*~*~ (stealth).
  5750 | D:5      | 5750 ||| Stepping ~*~*~tactically~*~*~ (stealth).
  5754 | D:5      | 5754 ||| Stepping ~*~*~tactically~*~*~ (hiding).
  5872 | D:6      | 5872 ||| FLEEEEING.
  5873 | D:6      | 5873 ||| STAIRDANCE
  5913 | D:6      | 5913 ||| STAIRDANCE
  5949 | D:6      | 5949 ||| STAIRDANCE
  6051 | D:6      | 6051 ||| STAIRDANCE
  6085 | D:6      | 6085 ||| READING scroll of enchant armour.
  6085 | D:6      | 6085 ||| ENCHANTING +1 pair of gloves.
  6108 | D:6      | 6108 ||| Stepping ~*~*~tactically~*~*~ (stealth).
  6110 | D:6      | 6110 ||| Stepping ~*~*~tactically~*~*~ (stealth).
  6290 | D:6      | 6290 ||| Stepping ~*~*~tactically~*~*~ (hiding).
  6291 | D:6      | 6291 ||| Stepping ~*~*~tactically~*~*~ (hiding).
  6352 | D:6      | Reached skill level 10 in Axes
  6414 | D:6      | Reached skill level 3 in Shields
  6628 | D:6      | Reached XP level 9. HP: 52/52 MP: 13/13
  6827 | D:6      | Reached skill level 3 in Dodging
  6840 | D:6      | 6840 ||| Stepping ~*~*~tactically~*~*~ (stealth).
  6842 | D:6      | 6842 ||| Stepping ~*~*~tactically~*~*~ (stealth).
  6868 | D:6      | HP: 12/54 [orc warrior/+0 trident (8)]
  6874 | D:6      | HP: 6/54 [orc warrior/+0 trident (3)]
  7193 | D:6      | 7193 ||| SWAPPING to +0 war axe.
  7194 | D:6      | 7194 ||| DROPPING +2 hand axe of protection.
  7195 | D:6      | 7195 ||| DROPPING +2 pair of gloves of stealth.
  7196 | D:6      | 7196 ||| UPGRADING to +0 plate armour.
  7206 | D:6      | 7206 ||| DROPPING +0 chain mail.
  7207 | D:6      | 7207 ||| READING 3 scrolls of identify.
  7207 | D:6      | 7207 ||| IDENTIFYING emerald potion
  7208 | D:6      | 7208 ||| READING 2 scrolls of identify.
  7208 | D:6      | 7208 ||| IDENTIFYING green potion
  7209 | D:6      | 7209 ||| DROPPING potion of degeneration.
  7261 | D:7      | Noticed Duvessa
  7261 | D:7      | Noticed Dowan
  7269 | D:7      | Killed Dowan
  7282 | D:7      | Killed Duvessa
  7596 | D:7      | 7596 ||| FLEEEEING.
  7597 | D:7      | 7597 ||| FLEEEEING.
  7599 | D:7      | 7599 ||| FLEEEEING.
  7600 | D:7      | 7600 ||| FLEEEEING.
  7601 | D:7      | 7601 ||| FLEEEEING.
  7602 | D:7      | 7602 ||| FLEEEEING.
  7603 | D:7      | 7603 ||| FLEEEEING.
  7604 | D:7      | 7604 ||| FLEEEEING.
  7605 | D:7      | 7605 ||| FLEEEEING.
  7606 | D:7      | 7606 ||| FLEEEEING.
  7607 | D:7      | 7607 ||| FLEEEEING.
  7608 | D:7      | 7608 ||| FLEEEEING.
  7609 | D:7      | 7609 ||| FLEEEEING.
  7610 | D:7      | 7610 ||| FLEEEEING.
  7611 | D:7      | 7611 ||| FLEEEEING.
  7612 | D:7      | 7612 ||| FLEEEEING.
  7613 | D:7      | 7613 ||| FLEEEEING.
  7614 | D:7      | 7614 ||| FLEEEEING.
  7615 | D:7      | 7615 ||| FLEEEEING.
  7618 | D:7      | 7618 ||| FLEEEEING.
  7619 | D:7      | 7619 ||| FLEEEEING.
  7620 | D:7      | 7620 ||| FLEEEEING.
  7621 | D:7      | 7621 ||| FLEEEEING.
  7622 | D:7      | 7622 ||| FLEEEEING.
  7623 | D:7      | 7623 ||| FLEEEEING.
  7624 | D:7      | 7624 ||| FLEEEEING.
  7625 | D:7      | 7625 ||| FLEEEEING.
  7630 | D:7      | 7630 ||| FLEEEEING.
  7631 | D:7      | 7631 ||| FLEEEEING.
  7632 | D:7      | 7632 ||| FLEEEEING.
  7633 | D:7      | 7633 ||| FLEEEEING.
  7634 | D:7      | 7634 ||| FLEEEEING.
  7635 | D:7      | 7635 ||| FLEEEEING.
  7636 | D:7      | 7636 ||| FLEEEEING.
  7637 | D:7      | 7637 ||| FLEEEEING.
  7638 | D:7      | 7638 ||| FLEEEEING.
  7639 | D:7      | 7639 ||| FLEEEEING.
  7640 | D:7      | 7640 ||| STAIRDANCE
  7681 | D:6      | 7681 ||| UPGRADING to +2 chain mail of fire resistance.
  7924 | D:7      | Found a staircase to the Ecumenical Temple.
  7925 | D:7      | 7925 ||| PLANNING TEMPLE
  7934 | Temple   | Entered the Ecumenical Temple
  8075 | Temple   | 8075 ||| PLANNING D:1-11
  8181 | D:7      | Noticed Joseph
  8193 | D:7      | HP: 13/54 [Joseph/+4 antimagic quarterstaff (8)]
  8194 | D:7      | Slain by Joseph

Levels and vault maps discovered:
D:1:      dpeg_arrival_boxes_within_box, layout_loops_ring,
          shapermc_ecumenical_altar_ellora
D:2:      layout_rooms, serial_shops, nicolae_shop_advertising_works
          [nicolae_subvault_shop_adworks], small_statue_intersection,
          grunt_decor_arrowhead, kennysheep_big_empty_room
D:3:      layout_loops_ring, grunt_ministairs_1, chequers_serial_rivers_large_a,
          uniq_grinder
D:4:      layout_loops_ring, uniq_eustachio
D:5:      layout_cave_pools, mainiacjoe_overflow_24_doors, uniq_prince_ribbit1,
          uniq_ijyb
D:6:      layout_basic
D:7:      layout_loops_corners, nemelex_dance_club_becter, elyvilon_altar_5,
          minmay_temple_entry_wispy, uniq_duvessa, uniq_joseph
Temple:   hellmonk_temple_forest_ring

Skill      XL: |  1  2  3  4  5  6  7  8  9 |
---------------+----------------------------+-----
Axes           | 3 6 7 8 10 | 10.9
Shields        | 1 2 3 |  3.2
Fighting       | 3 4 5 |  5.0
Armour         | 3 4 5 |  5.2
Dodging        | 3 |  3.0
Throwing       | |  1.0
Spellcasting   | |  2.0
Translocations | |  2.4

Action                   |  1- 3 |  4- 6 |  7- 9 || total
-------------------------+-------+-------+-------++-------
Melee: Hand axe          |    60 |   106 |   275 ||   441
       Kick              |    13 |    26 |   109 ||   148
       Peck              |     6 |    13 |    60 ||    79
       Punch             |     1 |       |       ||     1
       War axe           |       |       |    67 ||    67
Throw: Boomerang         |     7 |     8 |    30 ||    45
  Use: Scroll            |    11 |     6 |     5 ||    22
       Potion            |     1 |       |       ||     1
Armor: Ring mail         |    14 |    15 |       ||    29
       Leather armour    |     1 |       |       ||     1
       Scale mail        |       |    30 |    50 ||    80
       Chain mail        |       |       |    98 ||    98
       Plate armour      |       |       |    11 ||    11
Dodge: Dodged            |    24 |    48 |   111 ||   183
Block: Buckler           |     8 |    21 |    53 ||    82

Table legend:
 A = Non-vault XP
 B = Vault XP
 C = Vault XP percentage of total XP
 D = Non-vault monster count
 E = Vault monster count
 F = Vault count percentage of total count
                 A         B        C        D         E       F
            +---------+---------+-------+---------+---------+-------
      Total |    2364 |    1135 |  32.4 |     105 |       9 |   7.9
            +---------+---------+-------+---------+---------+-------
        D:1 |      20 |       0 |   0.0 |      12 |       0 |   0.0
        D:2 |      20 |     267 |  93.0 |      12 |       1 |   7.7
        D:3 |      63 |      14 |  18.2 |      21 |       1 |   4.5
        D:4 |     306 |     479 |  61.0 |      15 |       2 |  11.8
        D:5 |     458 |      33 |   6.7 |      17 |       1 |   5.6
        D:6 |    1085 |       0 |   0.0 |      21 |       0 |   0.0
        D:7 |     412 |     342 |  45.4 |       7 |       4 |  36.4
            +---------+---------+-------+---------+---------+-------
